[Event "FIDE WCCC Open-12 2024"]
[Site "Montesilvano"]
[Date "2024.11.18"]
[Round "3.1"]
[White "Golis, Wiktor"]
[Black "Stepanyan, Davit"]
[Result "1/2-1/2"]
[ECO "A32"]
[WhiteElo "2343"]
[BlackElo "2011"]
[PlyCount "79"]
[EventDate "2024.11.18"]
[EventType "swiss"]
[EventCountry "ITA"]
[TimeControl "5400+30"]

1. d4 Nf6 2. Nf3 e6 3. c4 c5 4. g3 cxd4 5. Nxd4 Bb4+ 6. Bd2 Bxd2+ 7. Qxd2 Ne4 8. Qd3 Qa5+ 9. Nd2 Qxd2+ 10. Qxd2 Nxd2 11. Kxd2 Nc6 12. Nb5 Ke7 13. Bg2 a6 14. Nc3 Rb8 15. c5 b6 16. Bxc6 dxc6 17. cxb6 Rxb6 18. b3 Rd8+ 19. Ke3 e5 20. Rhd1 Rxd1 21. Rxd1 Be6 22. Rc1 Rb4 23. f3 c5 24. f4 exf4+ 25. gxf4 f5 26. Rd1 Kf7 27. Rd6 c4 28. Rd4 h6 29. bxc4 Rxc4 30. Rxc4 Bxc4 31. Kd4 Be6 32. Ke5 g5 33. a3 gxf4 34. Kxf4 Kf6 35. e4 fxe4 36. Nxe4+ Kg6 37. Nc5 Bc4 38. Ne4 Be6 39. Nc5 Bc4 40. Ne4 1/2-1/2

[Event "FIDE WCCC Open-12 2024"]
[Site "Montesilvano"]
[Date "2024.11.18"]
[Round "3.2"]
[White "Wijerathna, Vinuka Dihain"]
[Black "Lacan Rus, David"]
[Result "0-1"]
[ECO "B30"]
[WhiteElo "2004"]
[BlackElo "2274"]
[PlyCount "118"]
[EventDate "2024.11.18"]
[EventType "swiss"]
[EventCountry "ITA"]
[TimeControl "5400+30"]

1. e4 c5 2. Nf3 Nc6 3. Bb5 e6 4. Nc3 Nd4 5. Ba4 a6 6. Nxd4 cxd4 7. Ne2 Nf6 8. d3 Qa5+ 9. c3 dxc3 10. Nxc3 Be7 11. O-O O-O 12. Bd2 d6 13. Rc1 Qd8 14. Qe2 b5 15. Bb3 Bb7 16. f4 a5 17. Be3 Bc6 18. Nb1 Bd7 19. a3 Qb8 20. Nd2 a4 21. Ba2 b4 22. Nc4 Ra6 23. Bd4 d5 24. exd5 Nxd5 25. Ne5 Qb7 26. Bc4 Ra5 27. axb4 Bxb4 28. Kh1 Bd6 29. Qe1 Raa8 30. Qg3 Bxe5 31. Bxe5 f6 32. Bd4 Kh8 33. Rce1 Rae8 34. Rf2 Bc6 35. Rfe2 Qf7 36. Bc5 Rg8 37. f5 exf5 38. Re7 Rxe7 39. Rxe7 Qh5 40. Bxd5 Bxd5 41. Bd4 Qd1+ 42. Re1 Qc2 43. Kg1 f4 44. Qf2 Qxd3 45. Qxf4 Rf8 46. Bc5 Qc2 47. Qf2 Qxf2+ 48. Bxf2 Rc8 49. g3 h6 50. Rd1 Bf3 51. Ra1 Rc2 52. Kf1 Bc6 53. Rb1 Kh7 54. h4 Kg6 55. Be3 Kf5 56. Rc1 Bb5+ 57. Kg1 Rxb2 58. Bd4 Rb3 59. Rc7 Ke4 0-1

[Event "FIDE WCCC Open-12 2024"]
[Site "Montesilvano"]
[Date "2024.11.18"]
[Round "3.3"]
[White "Antipov, Fedor"]
[Black "Negrean, Andrei"]
[Result "1/2-1/2"]
[ECO "B90"]
[WhiteElo "1991"]
[BlackElo "2255"]
[PlyCount "144"]
[EventDate "2024.11.18"]
[EventType "swiss"]
[EventCountry "ITA"]
[TimeControl "5400+30"]

1. e4 c5 2. Nf3 d6 3. d4 Nf6 4. Nc3 cxd4 5. Nxd4 a6 6. Be3 e5 7. Nb3 Be6 8. f3 h5 9. Qd2 Be7 10. Nd5 Nxd5 11. exd5 Bf5 12. Be2 Bh4+ 13. g3 Be7 14. O-O-O a5 15. Bd3 Bd7 16. Qe2 a4 17. Nd2 a3 18. b3 Na6 19. c4 Nb4 20. Ne4 Qa5 21. Kb1 O-O 22. Bd2 f5 23. Nf2 Qb6 24. Be3 Qc7 25. c5 dxc5 26. d6 Bxd6 27. Bc4+ Kh8 28. f4 Be8 29. Nh3 Bg6 30. Ng5 Rae8 31. Ne6 Rxe6 32. Bxe6 Re8 33. Bc4 exf4 34. gxf4 Bxf4 35. Qg2 Bh7 36. Bxf4 Qxf4 37. Rhe1 Qb8 38. Bb5 Rg8 39. Bc4 f4+ 40. Kc1 f3 41. Qd2 Qf8 42. Bxg8 Nd3+ 43. Kb1 Qxg8 44. Ka1 Qf8 45. Re6 f2 46. Qe2 Qf5 47. Re8+ Bg8 48. Rf1 Qf6+ 49. Kb1 Qg6 50. Ka1 Nf4 51. Qxf2 Qxe8 52. Qxf4 Qe2 53. Rb1 b5 54. Qf5 c4 55. Qxb5 Qf3 56. Qe5 cxb3 57. axb3 Bf7 58. Rg1 Bg6 59. Rxg6 Qd1+ 60. Ka2 Qc2+ 61. Kxa3 Qxg6 62. b4 Qa6+ 63. Kb3 Qd3+ 64. Ka4 Qa6+ 65. Kb3 Qd3+ 66. Ka4 Qa6+ 67. Qa5 Qc6+ 68. b5 Qc2+ 69. Kb4 Qd2+ 70. Ka4 Qc2+ 71. Ka3 Qd3+ 72. Ka4 Qc2+ 1/2-1/2

[Event "FIDE WCCC Open-12 2024"]
[Site "Montesilvano"]
[Date "2024.11.18"]
[Round "3.4"]
[White "Platonovs, Nikolajs"]
[Black "Radzimski, Antoni"]
[Result "1/2-1/2"]
[ECO "C78"]
[WhiteElo "1969"]
[BlackElo "2188"]
[PlyCount "94"]
[EventDate "2024.11.18"]
[EventType "swiss"]
[EventCountry "ITA"]
[TimeControl "5400+30"]

1. e4 e5 2. Nf3 Nc6 3. Bb5 a6 4. Ba4 Nf6 5. O-O b5 6. Bb3 Bc5 7. d3 d6 8. c3 O-O 9. a4 Rb8 10. axb5 axb5 11. Re1 Bg4 12. h3 Bh5 13. Nbd2 Bb6 14. Nf1 Re8 15. Ng3 Bg6 16. Qe2 Nh5 17. Nxh5 Bxh5 18. g4 Bg6 19. Bg5 Qd7 20. Nh4 Nd8 21. Nxg6 hxg6 22. Qf3 Ne6 23. Bd2 Qe7 24. Kg2 Qh4 25. Qg3 Qxg3+ 26. Kxg3 Nc5 27. Bc2 Kf8 28. f4 f6 29. b4 Ne6 30. f5 gxf5 31. gxf5 Nd8 32. Bb3 c6 33. Be3 Bxe3 34. Rxe3 Re7 35. Ree1 g6 36. Kg4 g5 37. Rh1 Rg7 38. Kf3 Rh7 39. h4 gxh4 40. Rhg1 h3 41. Rg8+ Ke7 42. Rag1 Ra8 43. R1g7+ Rxg7 44. Rxg7+ Kf8 45. Rg8+ Ke7 46. Rg7+ Kf8 47. Rg8+ Ke7 1/2-1/2

[Event "FIDE WCCC Open-12 2024"]
[Site "Montesilvano"]
[Date "2024.11.18"]
[Round "3.5"]
[White "Shilon Rahav, Eliran"]
[Black "Qu, Haoming"]
[Result "1-0"]
[ECO "B01"]
[WhiteElo "2150"]
[BlackElo "1969"]
[PlyCount "111"]
[EventDate "2024.11.18"]
[EventType "swiss"]
[EventCountry "ITA"]
[TimeControl "5400+30"]

1. e4 d5 2. exd5 Qxd5 3. Nc3 Qd6 4. d4 c6 5. Nf3 Bf5 6. Nh4 Bg6 7. Be3 e6 8. Nxg6 hxg6 9. h4 Be7 10. g3 Nf6 11. Qf3 Nd5 12. Bd2 Nxc3 13. Bxc3 Qd5 14. Qxd5 cxd5 15. Bb5+ Nd7 16. a4 a6 17. Bxd7+ Kxd7 18. Ke2 b6 19. Bd2 Rac8 20. Kd3 Rc6 21. b3 Rhc8 22. Rhc1 Bf6 23. f4 Ke8 24. c3 Be7 25. Rh1 f5 26. Rhc1 Bf6 27. Ra2 Kd7 28. Be3 Ke7 29. Rac2 Kd7 30. c4 Be7 31. Bd2 Ba3 32. Rg1 Be7 33. g4 Bf6 34. Rcc1 Rh8 35. g5 Be7 36. cxd5 Rxc1 37. dxe6+ Kxe6 38. Rxc1 Kd5 39. Rc7 Bd6 40. Rxg7 Rxh4 41. Rxg6 Rh3+ 42. Kc2 Rh2 43. Rh6 Rg2 44. Kd3 Rg3+ 45. Ke2 Rg2+ 46. Ke1 Rg1+ 47. Kf2 Rd1 48. Ke2 Rg1 49. Rf6 Bc7 50. Rxf5+ Ke4 51. Rf7 Bd6 52. Rf6 Bc7 53. Re6+ Kf5 54. Rc6 Rg2+ 55. Kf3 Rxd2 56. Rf6# 1-0

[Event "FIDE WCCC Open-12 2024"]
[Site "Montesilvano"]
[Date "2024.11.18"]
[Round "3.6"]
[White "Zhandos, Akarys"]
[Black "Golubovic, Erik"]
[Result "0-1"]
[ECO "B23"]
[WhiteElo "1932"]
[BlackElo "2147"]
[PlyCount "46"]
[EventDate "2024.11.18"]
[EventType "swiss"]
[EventCountry "ITA"]
[TimeControl "5400+30"]

1. e4 c5 2. Nc3 d6 3. d4 cxd4 4. Qxd4 Nc6 5. Qd2 g6 6. b3 Bh6 7. f4 Nf6 8. Bb2 O-O 9. O-O-O e5 10. g3 Re8 11. Kb1 Nd4 12. Nge2 Bg4 13. Nxd4 exd4 14. Qxd4 Bg7 15. Ne2 Rxe4 16. Qxd6 Qe8 17. Nc1 Bxd1 18. Qxd1 Re1 19. Qf3 Ne4 20. Qg2 Bxb2 21. Kxb2 Qe7 22. Kb1 Qa3 23. Bd3 Qxc1# 0-1

[Event "FIDE WCCC Open-12 2024"]
[Site "Montesilvano"]
[Date "2024.11.18"]
[Round "3.7"]
[White "Luger, Sam"]
[Black "Sobirov, Afruzbek"]
[Result "1/2-1/2"]
[ECO "E16"]
[WhiteElo "2094"]
[BlackElo "1928"]
[PlyCount "177"]
[EventDate "2024.11.18"]
[EventType "swiss"]
[EventCountry "ITA"]
[TimeControl "5400+30"]

1. d4 Nf6 2. c4 e6 3. g3 d5 4. Bg2 Bb4+ 5. Nd2 O-O 6. Ngf3 b6 7. O-O Bb7 8. Ne5 Nbd7 9. cxd5 exd5 10. Qa4 Bd6 11. Nxd7 Qxd7 12. Qxd7 Nxd7 13. Nc4 Be7 14. Bf4 Bf6 15. Rfd1 Ba6 16. Bxd5 c6 17. Bxc6 Bxc4 18. Bxd7 Rad8 19. Bg4 Rxd4 20. b3 Rxf4 21. gxf4 Bxa1 22. bxc4 Bc3 23. Rd7 a5 24. Bf3 f5 25. Bd5+ Kh8 26. e3 Bb4 27. Kf1 Bc5 28. Ke2 g6 29. Rb7 a4 30. Kd3 a3 31. Kc3 Re8 32. Kb3 Re7 33. Rb8+ Kg7 34. Kc2 Ra7 35. Bc6 Rc7 36. Bb5 Re7 37. Rd8 Re6 38. Rd5 Kf6 39. Kd3 Bb4 40. Ke2 Bc5 41. Rd7 Re7 42. Rd8 Re6 43. Rc8 Re7 44. Bc6 Ra7 45. Kd3 Bd6 46. Kc3 Rc7 47. Rxc7 Bxc7 48. Kd4 Bd6 49. Bd5 h6 50. Kd3 g5 51. fxg5+ hxg5 52. h3 Ke5 53. Bc6 Bc5 54. Bd7 f4 55. Ke2 fxe3 56. fxe3 Be7 57. Kf3 Kd6 58. Ba4 Ke5 59. Bc2 Bd8 60. Kg4 Be7 61. Kh5 Kf6 62. Kg4 Ke5 63. Kf3 Bd8 64. Ke2 Be7 65. Kd3 Bb4 66. Bd1 Bc5 67. Bf3 Bb4 68. Bd5 Bc5 69. Bg8 Bb4 70. Ke2 Bc5 71. Kf3 Be7 72. Bh7 Bc5 73. Bd3 Be7 74. Kg4 Bd8 75. Kh5 Kf6 76. Bc2 Be7 77. Kg4 Ke5 78. Bg6 Bd8 79. Kh5 Be7 80. Kh6 Kf6 81. e4 Bd6 82. Be8 Be7 83. Kh5 Bd6 84. Kg4 Be7 85. Bd7 Ke5 86. Bc6 Bd8 87. Kf3 Kd4 88. Bb5 Be7 89. Ba4 1/2-1/2

[Event "FIDE WCCC Open-12 2024"]
[Site "Montesilvano"]
[Date "2024.11.18"]
[Round "3.8"]
[White "Abdsattar, Alisher"]
[Black "Mamikonyan, Artem T"]
[Result "1-0"]
[ECO "B15"]
[WhiteElo "2082"]
[BlackElo "1918"]
[PlyCount "101"]
[EventDate "2024.11.18"]
[EventType "swiss"]
[EventCountry "ITA"]
[TimeControl "5400+30"]

1. e4 c6 2. d4 d5 3. Nc3 dxe4 4. Nxe4 Nf6 5. Nxf6+ exf6 6. Bc4 Bd6 7. Qe2+ Kf8 8. Be3 h5 9. Nf3 Na6 10. O-O Nb4 11. Rad1 b5 12. Bb3 Nd5 13. Bxd5 cxd5 14. Ne1 b4 15. Nd3 Ba6 16. Qd2 Qc7 17. h3 Rc8 18. Rc1 g5 19. c3 bxc3 20. Rxc3 Qd7 21. Rfc1 Rxc3 22. Qxc3 Kg7 23. Nc5 Qb5 24. Nxa6 Qxa6 25. Qc6 Qxc6 26. Rxc6 Rd8 27. Bd2 g4 28. b4 Rd7 29. b5 Ba3 30. Bc3 Rb7 31. Ra6 Be7 32. a4 f5 33. Kf1 Bf6 34. Rd6 Rc7 35. Bd2 Rc4 36. Bh6+ Kg6 37. h4 Kxh6 38. Rxf6+ Kg7 39. Ra6 Rc7 40. Rc6 Rd7 41. Ke2 f4 42. Kd3 f6 43. a5 Kg6 44. b6 axb6 45. axb6 Re7 46. Rc5 Rd7 47. Rb5 Rb7 48. Kc3 Kf5 49. f3 Ke6 50. Kb4 Rb8 51. b7 1-0

[Event "FIDE WCCC Open-12 2024"]
[Site "Montesilvano"]
[Date "2024.11.18"]
[Round "3.9"]
[White "Matejka, Simon"]
[Black "Petroff, Vlad"]
[Result "0-1"]
[ECO "B10"]
[WhiteElo "1924"]
[BlackElo "2079"]
[PlyCount "94"]
[EventDate "2024.11.18"]
[EventType "swiss"]
[EventCountry "ITA"]
[TimeControl "5400+30"]

1. e4 c6 2. c4 d5 3. cxd5 cxd5 4. exd5 Nf6 5. Nc3 Nxd5 6. Nf3 Nc6 7. Bb5 a6 8. Bxc6+ bxc6 9. O-O e6 10. d4 Be7 11. Ne5 Bb7 12. Be3 O-O 13. Rc1 c5 14. Ne2 Nxe3 15. fxe3 Bg5 16. Nf4 cxd4 17. exd4 Bxf4 18. Rxf4 Qd5 19. Qf3 Qxf3 20. Nxf3 Rac8 21. Rc5 Bd5 22. a3 a5 23. Ne5 f6 24. Nd7 Rfd8 25. Nb6 Rxc5 26. dxc5 Bc6 27. Nc4 e5 28. Rf1 Bb5 29. Nxa5 Bxf1 30. Kxf1 Kf7 31. Ke2 Ke6 32. b4 Kd5 33. Kd3 f5 34. Nc4 e4+ 35. Kc3 f4 36. Nd6 Ra8 37. Nc4 Re8 38. Nd6 Rf8 39. Kd2 g5 40. a4 Ra8 41. a5 Rb8 42. b5 e3+ 43. Ke2 Kxc5 44. Ne4+ Kxb5 45. Nxg5 Rg8 46. Nxh7 Rxg2+ 47. Ke1 f3 0-1

[Event "FIDE WCCC Open-12 2024"]
[Site "Montesilvano"]
[Date "2024.11.18"]
[Round "3.10"]
[White "Belyaletdinov, Leonard"]
[Black "Filindash, Nikita"]
[Result "0-1"]
[ECO "C42"]
[WhiteElo "1903"]
[BlackElo "2076"]
[PlyCount "88"]
[EventDate "2024.11.18"]
[EventType "swiss"]
[EventCountry "ITA"]
[TimeControl "5400+30"]

1. e4 e5 2. Nf3 Nf6 3. Nc3 Bb4 4. Bc4 O-O 5. O-O d6 6. d3 h6 7. h3 c6 8. Bb3 Nbd7 9. Nh2 Nc5 10. f4 Nxb3 11. axb3 exf4 12. Bxf4 Be6 13. Qf3 Bc5+ 14. Kh1 Bd4 15. Rae1 Be5 16. Ne2 c5 17. Ng3 Bxb2 18. Nf5 Bxf5 19. exf5 Qd7 20. Bg3 Rfe8 21. Ng4 Nxg4 22. Qxg4 Bf6 23. Qf3 d5 24. c4 dxc4 25. dxc4 Rxe1 26. Rxe1 Rd8 27. Kh2 b6 28. Re4 Kh7 29. Qh5 Qd3 30. Rg4 Rd7 31. Bf4 Qd1 32. h4 a6 33. Bg3 Rd4 34. Bf4 Be5 35. Rxg7+ Bxg7 36. Qxf7 Qg4 37. Bg3 Rd3 38. Be1 Re3 39. Bf2 Re5 40. f6 Qf4+ 41. Bg3 Qxf6 42. Qd7 Re7 43. Qd5 Qe6 44. Qh5 Be5 0-1

[Event "FIDE WCCC Open-12 2024"]
[Site "Montesilvano"]
[Date "2024.11.18"]
[Round "3.11"]
[White "Kleschevnikov, Arseny"]
[Black "Obidjonov, Oriyat"]
[Result "1/2-1/2"]
[ECO "E42"]
[WhiteElo "1893"]
[BlackElo "2074"]
[PlyCount "83"]
[EventDate "2024.11.18"]
[EventType "swiss"]
[EventCountry "ITA"]
[TimeControl "5400+30"]

1. d4 Nf6 2. c4 e6 3. Nc3 Bb4 4. e3 c5 5. Nge2 d5 6. a3 Bxc3+ 7. Nxc3 cxd4 8. exd4 dxc4 9. Bxc4 Nc6 10. Be3 O-O 11. O-O b6 12. Ba2 h6 13. Qd3 Ne7 14. Rad1 Bb7 15. Bf4 Nfd5 16. Nxd5 Bxd5 17. Bb1 Ng6 18. Bg3 Bb7 19. Rfe1 Qd5 20. f3 Rfd8 21. Qd2 Nf8 22. Re5 Qc4 23. Bf4 Rd5 24. Rxd5 Qxd5 25. Qf2 Qh5 26. Qg3 Rd8 27. h4 Kh8 28. Be5 f6 29. Bd6 Qd5 30. Be7 Re8 31. Bxf8 Rxf8 32. Qg6 f5 33. Qg3 Qb3 34. Rd2 Rc8 35. Bd3 Bd5 36. Kh2 Qa2 37. Qe5 Qa1 38. Rc2 Rxc2 39. Bxc2 Qa2 40. h5 Qc4 41. Qb8+ Kh7 42. Qe8 1/2-1/2

[Event "FIDE WCCC Open-12 2024"]
[Site "Montesilvano"]
[Date "2024.11.18"]
[Round "3.12"]
[White "Karthi, Jashith"]
[Black "Huseynov, Ahmed"]
[Result "1/2-1/2"]
[ECO "E20"]
[WhiteElo "2073"]
[BlackElo "1886"]
[PlyCount "55"]
[EventDate "2024.11.18"]
[EventType "swiss"]
[EventCountry "ITA"]
[TimeControl "5400+30"]

1. d4 Nf6 2. c4 e6 3. Nc3 Bb4 4. f3 O-O 5. e4 d5 6. e5 Nfd7 7. cxd5 exd5 8. f4 c5 9. Be3 Nc6 10. Nf3 c4 11. Be2 Re8 12. O-O Nf8 13. Bf2 Ng6 14. Qc1 Bf5 15. Bd1 Qd7 16. Bg3 a6 17. Bc2 Nce7 18. Bxf5 Qxf5 19. Nd1 Rac8 20. Ne3 Qe4 21. Nc2 Ba5 22. Ng5 Qe2 23. Rf2 Qd3 24. Rf3 Qe2 25. Rf2 Qd3 26. Rf3 Qe2 27. Re3 Qh5 28. Ra3 1/2-1/2

[Event "FIDE WCCC Open-12 2024"]
[Site "Montesilvano"]
[Date "2024.11.18"]
[Round "3.13"]
[White "Fadeev, Justin Michael"]
[Black "Baturin-Vinogradov, Miroslav"]
[Result "0-1"]
[ECO "C93"]
[WhiteElo "1878"]
[BlackElo "2048"]
[PlyCount "136"]
[EventDate "2024.11.18"]
[EventType "swiss"]
[EventCountry "ITA"]
[TimeControl "5400+30"]

1. e4 e5 2. Nf3 Nc6 3. Bb5 a6 4. Ba4 Nf6 5. O-O Be7 6. Re1 b5 7. Bb3 d6 8. c3 O-O 9. h3 Bb7 10. d4 Re8 11. Ng5 Rf8 12. Nf3 Re8 13. Ng5 Rf8 14. Nf3 h6 15. Nbd2 Re8 16. Nf1 Bf8 17. Ng3 exd4 18. cxd4 Na5 19. Bc2 c5 20. d5 g6 21. b3 Bg7 22. Rb1 Rc8 23. Bb2 Nd7 24. Bxg7 Kxg7 25. Nd2 Rc7 26. f4 Nf6 27. Qf3 b4 28. Bd3 Rce7 29. Re2 h5 30. Rbe1 Qc7 31. Nc4 Nxc4 32. Bxc4 Bc8 33. Qd3 h4 34. Nf1 Rxe4 35. Rxe4 Rxe4 36. Rxe4 Bf5 37. Nd2 Nxe4 38. Nxe4 Qe7 39. Bxa6 Qxe4 40. Qd2 Qc2 41. Qe1 Qxa2 42. Bc4 Qb1 43. Qxb1 Bxb1 44. Kf2 Be4 45. g3 hxg3+ 46. Kxg3 Kf6 47. Kg4 Bh1 48. Kg3 Be4 49. Kg4 Bf5+ 50. Kh4 Bc2 51. Kg4 Be4 52. Kh4 Kf5 53. Kg3 f6 54. h4 Bc2 55. Bf1 Ke4 56. Bc4 Kd4 57. Kf2 Be4 58. Ke2 Bxd5 59. Bxd5 Kxd5 60. f5 gxf5 61. Ke3 Ke6 62. Kd3 d5 63. h5 Kf7 64. Ke3 c4 65. Kd4 cxb3 66. Kd3 f4 67. h6 Kg6 68. h7 Kxh7 0-1

[Event "FIDE WCCC Open-12 2024"]
[Site "Montesilvano"]
[Date "2024.11.18"]
[Round "3.14"]
[White "Bulgak, Damir"]
[Black "Berdashkevich, Makar"]
[Result "1-0"]
[ECO "E06"]
[WhiteElo "2044"]
[BlackElo "1848"]
[PlyCount "123"]
[EventDate "2024.11.18"]
[EventType "swiss"]
[EventCountry "ITA"]
[TimeControl "5400+30"]

1. d4 Nf6 2. c4 e6 3. Nf3 b6 4. g3 c6 5. Bg2 d5 6. Qc2 Be7 7. O-O O-O 8. Nbd2 c5 9. dxc5 bxc5 10. e4 Nc6 11. cxd5 exd5 12. exd5 Nb4 13. Qb3 Ba6 14. Nc4 Nbxd5 15. Nfe5 Rb8 16. Qa3 Bxc4 17. Nxc4 Qc7 18. Rd1 Rfd8 19. Bd2 Bf8 20. Rac1 g6 21. b3 h6 22. h4 Kh7 23. Qa6 Bg7 24. Bf3 h5 25. Na5 Nb4 26. Bxb4 Rxd1+ 27. Rxd1 cxb4 28. Nc6 Rb6 29. Qc4 Ng4 30. Re1 Bf6 31. Qd5 Kg7 32. Re8 a5 33. Qc5 Kh6 34. Kg2 Kh7 35. Qd5 Kg7 36. Qc5 Kh6 37. Bd5 Kh7 38. Ra8 Ne5 39. Ra7 Nd7 40. Rxc7 Nxc5 41. Nxa5 Nd3 42. Bxf7 Be5 43. Re7 Bf6 44. Rc7 Kh6 45. Nc6 Ne5 46. Bg8 g5 47. hxg5+ Kg6 48. Bh7+ Kxg5 49. f4+ Kg4 50. Nxe5+ Bxe5 51. fxe5 Kg5 52. Kf3 h4 53. gxh4+ Kxh4 54. Bf5 Kg5 55. Ke4 Ra6 56. Rg7+ Kh6 57. Rg6+ Rxg6 58. Bxg6 Kxg6 59. Kd5 Kf7 60. Kd6 Ke8 61. Kd5 Ke7 62. Ke4 {[%emt 0:00:30] Kd6} 1-0

[Event "FIDE WCCC Open-12 2024"]
[Site "Montesilvano"]
[Date "2024.11.18"]
[Round "3.15"]
[White "Zhang, Haoxuan"]
[Black "Smirnov, Mark"]
[Result "0-1"]
[ECO "C64"]
[WhiteElo "1951"]
[BlackElo "2300"]
[PlyCount "64"]
[EventDate "2024.11.18"]
[EventType "swiss"]
[EventCountry "ITA"]
[TimeControl "5400+30"]

1. e4 e5 2. Nf3 Nc6 3. Bb5 a6 4. Ba4 Bc5 5. O-O Nge7 6. c3 Ba7 7. Re1 O-O 8. h3 d5 9. exd5 Qxd5 10. Bb3 Qd6 11. Qe2 Qg6 12. Kh1 e4 13. Nh2 Bf5 14. g4 Bd7 15. Qxe4 Bxf2 16. Qxg6 Nxg6 17. Rf1 Bg3 18. d4 Kh8 19. Bc2 Nce7 20. Nd2 f5 21. gxf5 Nxf5 22. Ne4 Rae8 23. Kg1 Bxh2+ 24. Kxh2 Bc6 25. Nf2 Nfh4 26. Bxg6 Nxg6 27. c4 Re2 28. Kg1 Nh4 29. d5 Bd7 30. b3 Bxh3 31. Ba3 Nf3+ 32. Kh1 Rf5 0-1

[Event "FIDE WCCC Open-12 2024"]
[Site "Montesilvano"]
[Date "2024.11.18"]
[Round "3.16"]
[White "Liu, Patrick"]
[Black "Gazzato, Nicolo`"]
[Result "1-0"]
[ECO "E94"]
[WhiteElo "2192"]
[BlackElo "1868"]
[PlyCount "117"]
[EventDate "2024.11.18"]
[EventType "swiss"]
[EventCountry "ITA"]
[TimeControl "5400+30"]

1. Nf3 Nf6 2. c4 g6 3. Nc3 Bg7 4. e4 d6 5. d4 Nbd7 6. Be2 c6 7. O-O O-O 8. Be3 e5 9. Qc2 a6 10. Rad1 Qe7 11. Rfe1 h6 12. dxe5 dxe5 13. h3 Kh7 14. Nd2 Ne8 15. Na4 Nc7 16. Bg4 Ne6 17. Bxe6 Qxe6 18. c5 Qe7 19. Nc4 Nf6 20. Nab6 Rb8 21. Nxc8 Rbxc8 22. Rd6 Rfd8 23. Nb6 Rb8 24. Red1 Rh8 25. Qc4 Rbf8 26. Nd7 Rd8 27. Nxf6+ Bxf6 28. Rxd8 Rxd8 29. Rxd8 Qxd8 30. Qxf7+ Bg7 31. Qxb7 Qd1+ 32. Kh2 Qa4 33. b3 Qxe4 34. Qxa6 Qd5 35. Qc4 Qd7 36. Qe4 Qb7 37. a4 Qa6 38. Qc4 Qa5 39. Qe4 Qa6 40. g3 Bf6 41. Qc4 Qa8 42. a5 Qxa5 43. Qe6 Qd8 44. Qxc6 Bg5 45. Qd6 Qe8 46. Bxg5 hxg5 47. c6 Qa8 48. c7 Qc8 49. Qxe5 Qf8 50. Kg1 Qc8 51. Qc5 g4 52. hxg4 Kh6 53. b4 Kg7 54. Qd4+ Kf7 55. Qd8 Qe6 56. c8=Q Qe1+ 57. Kg2 Qe4+ 58. Kh2 Qg2+ 59. Kxg2 1-0

[Event "FIDE WCCC Open-12 2024"]
[Site "Montesilvano"]
[Date "2024.11.18"]
[Round "3.17"]
[White "Yang, Maxwell"]
[Black "Ambartsumian, Tyhran"]
[Result "1-0"]
[ECO "E53"]
[WhiteElo "1889"]
[BlackElo "2123"]
[PlyCount "97"]
[EventDate "2024.11.18"]
[EventType "swiss"]
[EventCountry "ITA"]
[TimeControl "5400+30"]

1. d4 Nf6 2. c4 e6 3. Nc3 Bb4 4. e3 O-O 5. Bd3 d5 6. a3 Bxc3+ 7. bxc3 dxc4 8. Bxc4 c5 9. Nf3 Qc7 10. Be2 b6 11. O-O Ba6 12. a4 Bxe2 13. Qxe2 cxd4 14. cxd4 Nbd7 15. Ba3 Rfc8 16. Rfc1 Qb7 17. Nd2 Nd5 18. Qd3 Rxc1+ 19. Rxc1 Rc8 20. Rc4 h6 21. Kf1 a6 22. e4 Rxc4 23. Qxc4 b5 24. Qb3 N5f6 25. f3 Qc6 26. axb5 axb5 27. Ke2 h5 28. Nb1 Qc7 29. g3 Qa7 30. Bb2 Qa6 31. Kf2 Qb6 32. Na3 b4 33. Nc2 Qb7 34. Qxb4 Nxe4+ 35. fxe4 Qxe4 36. Ne3 Qh1 37. d5 Qxh2+ 38. Ng2 exd5 39. Qc3 Nf6 40. Qc8+ Kh7 41. Bxf6 gxf6 42. Qf8 Qh1 43. Qxf7+ Kh8 44. Qxf6+ Kg8 45. Qg5+ Kh8 46. Qxd5 Qa1 47. Qxh5+ Kg7 48. Ne3 Qd4 49. Qg4+ 1-0

[Event "FIDE WCCC Open-12 2024"]
[Site "Montesilvano"]
[Date "2024.11.18"]
[Round "3.18"]
[White "Fulgentini, Edoardo"]
[Black "Xia, Jinnan"]
[Result "1-0"]
[ECO "B90"]
[WhiteElo "2075"]
[BlackElo "1850"]
[PlyCount "77"]
[EventDate "2024.11.18"]
[EventType "swiss"]
[EventCountry "ITA"]
[TimeControl "5400+30"]

1. e4 c5 2. Nf3 d6 3. d4 cxd4 4. Nxd4 Nf6 5. Nc3 a6 6. Rg1 e5 7. Nb3 Be6 8. f4 Qb6 9. Rh1 Nbd7 10. f5 Bxb3 11. axb3 Rc8 12. Bc4 Qc6 13. Qe2 Be7 14. Bg5 h6 15. Bxf6 Nxf6 16. g4 Nd7 17. O-O-O b5 18. Bd5 Qc7 19. h4 Nb6 20. Kb1 b4 21. Na4 Nxa4 22. bxa4 Qb6 23. Bb3 f6 24. g5 fxg5 25. Qh5+ Kd8 26. Qg6 gxh4 27. Qxg7 Rf8 28. Rxh4 Bxh4 29. Qxf8+ Kc7 30. Qxh6 Bd8 31. Be6 Ra8 32. Qf8 Ra7 33. f6 Qc6 34. f7 d5 35. Qxd8+ Kxd8 36. f8=Q+ Qe8 37. Rxd5+ Kc7 38. Qxe8 b3 39. Qc8+ 1-0

[Event "FIDE WCCC Open-12 2024"]
[Site "Montesilvano"]
[Date "2024.11.18"]
[Round "3.19"]
[White "Aadik Theophane Lenin"]
[Black "Minga-Nagy, Abel Inti"]
[Result "1-0"]
[ECO "D38"]
[WhiteElo "1857"]
[BlackElo "2033"]
[PlyCount "77"]
[EventDate "2024.11.18"]
[EventType "swiss"]
[EventCountry "ITA"]
[TimeControl "5400+30"]

1. d4 Nf6 2. c4 e6 3. Nf3 d5 4. Nc3 Bb4 5. Bg5 Nbd7 6. e3 c5 7. cxd5 exd5 8. Bd3 Qa5 9. Qc2 h6 10. Bh4 O-O 11. O-O Re8 12. Nd2 cxd4 13. exd4 Qc7 14. Rfe1 Qf4 15. Rxe8+ Nxe8 16. Bg3 Qg5 17. Nf3 Qh5 18. Ne2 g5 19. Qb3 Bf8 20. Qxd5 Ndf6 21. Qb3 Be6 22. Bc4 Bxc4 23. Qxc4 Nd6 24. Qd3 Qg4 25. Be5 Qe6 26. Ng3 Ng4 27. Bxd6 Qxd6 28. Qe4 Nf6 29. Qxb7 Rb8 30. Qxa7 Rxb2 31. a4 Qf4 32. Rf1 h5 33. Ne5 Nd5 34. Qd7 Nb6 35. Qd8 Nxa4 36. Nxh5 Qf5 37. Nd7 Qg6 38. Qxf8+ Kh7 39. Ndf6+ 1-0

[Event "FIDE WCCC Open-12 2024"]
[Site "Montesilvano"]
[Date "2024.11.18"]
[Round "3.20"]
[White "Dauren, Darmen"]
[Black "Sason, Noam"]
[Result "1-0"]
[ECO "D00"]
[WhiteElo "1820"]
[BlackElo "2017"]
[PlyCount "101"]
[EventDate "2024.11.18"]
[EventType "swiss"]
[EventCountry "ITA"]
[TimeControl "5400+30"]

1. d4 Nf6 2. Bg5 d5 3. Bxf6 gxf6 4. e3 e5 5. Nf3 exd4 6. exd4 c6 7. Bd3 Be6 8. c3 Nd7 9. Nbd2 Qc7 10. g3 h5 11. Qc2 O-O-O 12. O-O-O b5 13. a4 b4 14. c4 c5 15. Kb1 Bh6 16. cxd5 Bxd5 17. Be4 Bxe4 18. Nxe4 Qc6 19. Nxc5 Nb6 20. Nd3 Qxc2+ 21. Kxc2 a5 22. Kb3 Rhe8 23. Rhe1 Kc7 24. Rxe8 Rxe8 25. Re1 Rxe1 26. Ndxe1 Kc6 27. Nh4 Kd5 28. f3 Be3 29. Nf5 Bxd4 30. Nd3 Be5 31. Ne7+ Kd6 32. Nf5+ Kd5 33. Ng7 Kd4 34. Nc1 Ke3 35. f4 Bc7 36. Nxh5 Kd2 37. Na2 Nd5 38. Ng7 Ne3 39. h4 Kd1 40. h5 Nf1 41. Kc4 Ne3+ 42. Kb3 Nf1 43. Nxb4 Nd2+ 44. Kc3 axb4+ 45. Kxb4 Bd6+ 46. Kb5 Kc2 47. Nf5 Bf8 48. a5 Ne4 49. h6 Bxh6 50. Nxh6 Kxb2 51. Kc6 1-0

[Event "FIDE WCCC Open-12 2024"]
[Site "Montesilvano"]
[Date "2024.11.18"]
[Round "3.21"]
[White "Padure, Dragos-Alexandru"]
[Black "Gao, Arthur"]
[Result "0-1"]
[ECO "B43"]
[WhiteElo "1822"]
[BlackElo "1979"]
[PlyCount "82"]
[EventDate "2024.11.18"]
[EventType "swiss"]
[EventCountry "ITA"]
[TimeControl "5400+30"]

1. e4 c5 2. Nf3 e6 3. d4 cxd4 4. Nxd4 a6 5. Nc3 b5 6. g3 Bb7 7. Bg2 Nf6 8. O-O b4 9. Na4 Bxe4 10. Bxe4 Nxe4 11. Qd3 d5 12. Be3 Bd6 13. Rad1 Nd7 14. Rfe1 Qa5 15. b3 O-O 16. Nf3 Rfc8 17. Bd4 Qc7 18. Rc1 Nc3 19. Nxc3 bxc3 20. Ng5 Nf8 21. f4 a5 22. Re3 Bb4 23. f5 h6 24. Nf3 exf5 25. Qxf5 Qd7 26. Qe5 Ne6 27. Qf5 Qb7 28. Kh1 Nxd4 29. Nxd4 Bc5 30. Rd3 Re8 31. Rcd1 Re4 32. Nf3 Re2 33. Rxd5 g6 34. Qf6 Be7 35. Qf4 Bg5 36. Nxg5 hxg5 37. Qf3 Rae8 38. Qxc3 Qe7 39. Qd3 Qf6 40. Rd8 Qc6+ 41. Qd5 Rxd8 0-1

[Event "FIDE WCCC Open-12 2024"]
[Site "Montesilvano"]
[Date "2024.11.18"]
[Round "3.22"]
[White "Aansh Nandan Nerurkar"]
[Black "Petrovski, Nikola"]
[Result "1-0"]
[ECO "C54"]
[WhiteElo "2247"]
[BlackElo "1829"]
[PlyCount "65"]
[EventDate "2024.11.18"]
[EventType "swiss"]
[EventCountry "ITA"]
[TimeControl "5400+30"]

1. e4 e5 2. Nf3 Nc6 3. Bc4 Bc5 4. c3 Nf6 5. d4 exd4 6. cxd4 Bb4+ 7. Nbd2 d5 8. exd5 Nxd5 9. O-O O-O 10. a3 Bxd2 11. Bxd2 Nb6 12. Ba2 Bg4 13. Bc3 Nd5 14. h3 Nxc3 15. bxc3 Bf5 16. Re1 Qf6 17. Re3 Rfe8 18. Qe2 Rxe3 19. Qxe3 h6 20. Nd2 Qg5 21. Qxg5 hxg5 22. g4 Bg6 23. Nf3 Re8 24. Nxg5 Re2 25. f4 Nd8 26. f5 Bh7 27. Kf1 Rh2 28. Re1 Rh1+ 29. Kf2 Rxe1 30. Kxe1 g6 31. f6 Ne6 32. Bxe6 fxe6 33. f7+ 1-0